Unix NetHack Version 5.0.0-0 post-release - last build May  4 2026 22:22:43 (774f63e81ad911689b3a0859ea89b322d5daca8d,branch:main).

Game began 2026-05-06 19:33:26, ended 2026-05-06 19:50:15.

DaveT, lawful male human Priest

     ----------         ---------                             ------------
     |$$$$$$$..####     |.......|        --------       ######...........|
     |$$$$$$$.|#  `#####........|#       |....{.|########     |..........|
     |$$$$$$$.          |.......|####[###-.......##           ------|-----
     ----.----         #-.......|#       -.------ #               ###
                       #|.......|         ###     #              ##
                       #-------.-##         ###   ######      ####
                     ##################       #        #      #
   ----+----           ##           # ###     ####     ##     #
   |.......|            #           #   ###      ###    #     #
   |.......|    #       #           #     #        #    ##    #
   |........#########   ###         ##----|--------.--   ##   #
   -------+-   #### #-----#          #|.......f......|    ## ##
                  # #+...|#          #..........f....|     #-.---------
                  #  |...-#           |..............|     #......<...|
                  ###....|            |...h..........|      |........Z|
                     |...|            ----------------      |.........|
                     -----                                  -----------

DaveT the Adept              St:13 Dx:11 Co:17 In:13 Wi:18 Ch:11  Lawful
Dlvl:6  $:11 HP:0(62) Pw:86(86) AC:-1 Xp:6 T:4333  Burdened

Latest messages:
 The jaguar misses!
 The jaguar just misses!
 The jaguar hits!
 The jaguar misses!
 The jaguar just misses!
 The jaguar hits!
 The jaguar bites!
 You hit the jaguar.
 The jaguar misses!
 The jaguar misses!
 The jaguar bites!
 The jaguar hits!
 The jaguar hits again!
 The jaguar misses!
 The jaguar misses!
 The jaguar hits!
 The jaguar bites!
 The jaguar hits!
 The jaguar hits again!
 The jaguar bites!
 You hit the jaguar.
 The jaguar misses!
 The jaguar hits!
 The jaguar bites!
 The jaguar hits!
 The jaguar misses!
 The jaguar bites!
 The jaguar misses!
 The jaguar hits!
 The jaguar bites!
 The jaguar misses!
 The jaguar misses!
 The jaguar bites!
 You miss the jaguar.
 The jaguar misses!
 The jaguar misses!
 The jaguar bites!
 The jaguar hits!
 The jaguar misses!
 The jaguar misses!
 You miss the jaguar.
 The jaguar hits!
 The jaguar hits again!
 The jaguar just misses!
 The jaguar misses!
 The jaguar misses!
 The jaguar bites!
 You die...
 Do you want your possessions identified? [ynq] (y) y
 Do you want to see your attributes? [ynq] (y) q

Inventory:
 Coins    ('$')
  $ - 11 gold pieces
 Weapons  (')')
  E - 7 +0 arrows
  B - 10 +0 silver arrows
  C - a rustproof +0 orcish dagger
  s - a +1 orcish dagger
  v - a +2 aklys (tethered to right hand)
 Armor    ('[')
  p - a +0 orcish helm (being worn)
  c - a +0 small shield (being worn)
  b - a +0 robe (being worn)
  j - a blessed +0 plate mail (being worn)
 Comestibles  ('%')
  e - a clove of garlic
  f - a sprig of wolfsbane
 Scrolls  ('?')
  k - a scroll of light
 Spellbooks  ('+')
  h - a spellbook of extra healing
  l - a spellbook of levitation
  g - a spellbook of light
 Potions  ('!')
  n - a potion of healing
  y - 2 potions of invisibility
  A - a potion of object detection
  d - 4 potions of holy water
 Rings    ('=')
  H - a ring of regeneration
 Wands    ('/')
  q - a wand of digging (0:3)
 Tools    ('(')
  r - a blindfold
  i - an oil lamp
 Gems/Stones  ('*')
  F - a worthless piece of orange glass
  x - a worthless piece of yellow glass
  w - a touchstone

DaveT the Priest's attributes:

Background:
 You were an Adept, a level 6 human Priest.
 You were lawful, on a mission for Amaterasu Omikami
 who was opposed by Raijin (neutral) and Susanowo (chaotic).
 You were right-handed.
 You were in the Dungeons of Doom, on level 6.
 You entered the dungeon 4333 turns ago.
 You had 402 experience points, 238 more were needed to attain level 7.

Basics:
 You had 0 out of 62 hit points.
 You had all 86 energy points (spell power).
 Your armor class was -1.
 Your wallet contained 11 zorkmids.
 Autopickup was off.

Final Characteristics:
 Your strength was 13 (limit:18/100).
 Your dexterity was 11 (limit:18).
 Your constitution was 17 (limit:18).
 Your intelligence was 13 (limit:18).
 Your wisdom was 18 (limit:18).
 Your charisma was 11 (limit:18).

Final Status:
 You weren't hungry.
 You were burdened; movement was slightly slowed.
 You were wielding a club.
 You were unskilled in club.

Final Attributes:
 You were piously aligned.
 You were invisible.
 You were guarded.
 Your spell casting was impaired by metallic armor, mitigated by your robe.
 You are dead.

Miscellaneous:
 You didn't encounter any bones levels.
 Total elapsed playing time was 16 minutes and 48 seconds.

Major events:
 Turn
    1: DaveT the lawful human Priest entered the dungeon
 1143: attained the rank of Acolyte (level 3)
 1600: entered the Gnomish Mines
 3392: attained the rank of Adept (level 6)
 4333: killed by a jaguar

Spells:
 Name                 Level Category     Fail Retention
 light                  1   clerical      67%   71%-80%
 extra healing          3   healing      100%  76%-100%

Skills:
 Fighting Skills
   bare handed combat [Unskilled]
 Weapon Skills
   club               [Unskilled]
   mace               [Skilled]
   morning star       [Unskilled]
   flail              [Unskilled]
   hammer             [Unskilled]
   quarterstaff       [Unskilled]
   polearms           [Unskilled]
   spear              [Unskilled]
   trident            [Unskilled]
   lance              [Unskilled]
   bow                [Unskilled]
   sling              [Unskilled]
   crossbow           [Unskilled]
   dart               [Unskilled]
   shuriken           [Unskilled]
   boomerang          [Unskilled]
   unicorn horn       [Unskilled]
 Spellcasting Skills
   healing spells     [Unskilled]
   divination spells  [Unskilled]
   clerical spells    [Basic]

Voluntary challenges:
 Character rerolling was not enabled.
 You never genocided any monsters.
 You never polymorphed an object.
 You never changed form.
 You used no wishes.
Achievements:
 You entered a shop.
 You attained the rank of Acolyte.
 You entered the Gnomish Mines.
 You attained the rank of Adept.

 The Dungeons of Doom: levels 1 to 6
    Level 1: "emptied vault"
    Level 2:
       A general store, a fountain.
    Level 3: "closed shop, emptied vault"
       An altar, a fountain.
       Stairs down to The Gnomish Mines.
    Level 4: "vault"
       Some fountains, a sink, a grave.
    Level 5:
    Level 6: <- You were here.
       A fountain.
       Final resting place for
          you, killed by a jaguar.
 The Gnomish Mines:
    Level 4:


Vanquished creatures:
  a leprechaun
  a bugbear
  2 ponies
  a fog cloud
  3 gnome leaders
 an elf zombie
  a straw golem
  a homunculus
  a kobold leader
  a kobold shaman
  a rabid rat
  2 giant bats
  4 dwarf zombies
 an iguana
 an acid blob
  a gas spore
  2 manes
  3 hobgoblins
  3 giant rats
  a yellow mold
  2 green molds
  5 gnomes
  2 gnome zombies
  2 geckos
  5 jackals
  a fox
  4 goblins
  3 sewer rats
  2 grid bugs
  a bat
  2 lichens
  a kobold zombie
  8 newts
70 creatures vanquished.

No species were genocided or became extinct.

Game over:
                       ----------
                      /          \
                     /    REST    \
                    /      IN      \
                   /     PEACE      \
                  /                  \
                  |      DaveT       |
                  |      11 Au       |
                  |   killed by a    |
                  |      jaguar      |
                  |                  |
                  |                  |
                  |       2026       |
                 *|     *  *  *      | *
        _________)/\\_//(\/(/\)/\//\/|_)_______

Goodbye DaveT the Priest...

You died in The Dungeons of Doom on dungeon level 6 with 1878 points,
and 11 pieces of gold, after 4333 moves.
You were level 6 with a maximum of 62 hit points when you died.

